 Dungeon Sprint DCSS version 0.29-a0-96-g93358da72b (webtiles) character file.

Game seed: 11232721313348754446

9 cyrus the Skirmisher (level 2, -6/30 HPs)
             Began as a Naga Fighter on Feb 11, 2022.
             Killed from afar by an oklob sapling (36 damage)
             ... with a splash of acid
             ... in the Dungeon (Sprint IV: "Fedhas' Mad Dash").
             The game lasted 00:00:31 (214 turns).

cyrus the Skirmisher (Naga Fighter)                  Turns: 214, Time: 00:00:32

Health: -6/30      AC:  4    Str: 18    XL:     2   Next: 16%
Magic:  2/2        EV:  7    Int:  8    God:
Gold:   0          SH:  4    Dex: 10    Spells: 1/1 levels left

rFire   . . .      SeeInvis +   a - +0 trident
rCold   . . .      Faith    .   c - +0 buckler
rNeg    . . .      Spirit   .   b - +0 scale mail
rPois   +          Reflect  .   (no helmet)
rElec   .          Harm     .   (no cloak)
rCorr   .          Rampage  .   (no gloves)
Will    .....      NoTele   +   (no barding)
Stlth   ..........              (no amulet)
HPRegen 0.10/turn               (no ring)
MPRegen 0.08/turn               (no ring)

@: very slow
A: AC +0, large, see invisible, deformed body, poison resistance, slowness 2,
spit poison 1, naga tail 1
a: Spit Poison


You were in the Dungeon.
You visited 1 branch

Inventory:

Hand Weapons
 a - a +0 trident (weapon)
Armour
 b - a +0 scale mail (worn)
 c - a +0 buckler (worn)
Scrolls
 j - a scroll of blinking
 k - a scroll of torment {unknown}
Potions
 d - a potion of might
 e - a potion of curing
 f - a potion of heal wounds
 g - a potion of haste
 h - 2 potions of magic
 i - a potion of berserk rage


   Skills:
 + Level 3.7 Fighting
 + Level 2.4 Polearms
 + Level 3.1 Armour
 + Level 3.0 Shields


You had one spell level left.
You didn't know any spells.
Your spell library was empty.

Dungeon Overview and Level Annotations

Branches:
Dungeon (1/1)

Altars:

Annotations:
D exclusion: oklob sapling


Innate Abilities, Weirdness & Mutations

Your serpentine skin is tough. (AC +0)
You have supernaturally acute eyesight. (SInv)
Armour fits poorly on your strangely shaped body.
Your system is resistant to poisons. (rPois)
You cover ground very slowly.
You can spit poison.
You have a snake-like lower body.


Message History

You hit the fungus.
The fungus begins to die.
The fungus is lightly damaged.
You hit the fungus.
The fungus is lightly damaged.
You hit the fungus.
The fungus is lightly damaged.
A nearby fungus withers and dies.
You open the door.
A rat and a river rat come into view.
Found a scroll labelled UMAOFIUL MEACK.
There is an open door here.
The rat twitches its whiskers.
You puncture the river rat!
The river rat is severely wounded.
You block the rat's attack. The river rat bites you.
There is an open door here.
You hit the rat.
You kill the rat!
The river rat closely misses you. The river rat bites you.
The river rat bites you.
You hit the river rat.
You kill the river rat!
Your Armour skill increases to level 3!
Your Shields skill increases to level 3!
You have reached level 2!
You start resting.
HP restored.
There is an open door here.
k - a scroll labelled UMAOFIUL MEACK You open the door.
An oklob sapling comes into view.
Marking area around an oklob sapling as unsafe for travelling.
Found 32 gold pieces.
Really slither into a travel-excluded area?
The oklob sapling spits acid at you. The splash of acid misses you.
The oklob sapling spits acid at you. The splash of acid hits you!!!
Ouch! That really hurt!
You die...

##################
#<..†#.....#.$$$$#
#....'.....@.#
#....#.....#P#
##############


You could see an oklob sapling.

Vanquished Creatures
  A river rat (D)
  A rat (D)
2 creatures vanquished.

Vanquished Creatures (others)
  7 fungi (D)
7 creatures vanquished.

Grand Total: 9 creatures vanquished

Notes
Turn   | Place    | Note
-------+----------+-------------------------------------------
     0 | D        | cyrus the Naga Fighter began the quest for the Orb.
     0 | D        | Reached XP level 1. HP: 21/21 MP: 1/1
    46 | D        | Reached XP level 2. HP: 14/30 MP: 2/2
   209 | D        | Noticed an oklob sapling
   214 | D        | Killed from afar by an oklob sapling

Illustrated notes

Levels and vault maps discovered:
D:        dungeon_sprint_fedhas [sprint_temple]

Skill      XL: |  1 |
---------------+----+-----
Armour         | 3 |  3.1
Shields        | 3 |  3.0
Fighting       | |  3.7
Polearms       | |  2.4

Action                   || total
-------------------------++-------
Melee: Trident           ||    29
Dodge: Dodged            ||     2
Block: Buckler           ||     1

Table legend: (Time is in decaauts)
 A = Elapsed time spent in this place.
 B = Non-inter-level travel time spent in this place.
 C = Inter-level travel time spent in this place.
 D = Time resting spent in this place.
 E = Time spent auto-exploring this place.
 F = Levels seen in this place.
 G = Mean time per level.
                   A        B        C        D        E       F      G
               +--------+--------+--------+--------+--------+-----+--------+
         Total |    231 |    231 |      0 |    156 |      0 |   1 |  231.0 |
       Dungeon |    231 |    231 |      0 |    156 |      0 |   1 |  231.0 |
               +--------+--------+--------+--------+--------+-----+--------+

Top non-repeatable levels by time:
       D: 231 daAuts
